AoeStats
← charliegieser

Lombardia

507190067Analyzed
2v2 RM · 16d ago on Sep 17, 2026· 36m 5s· 4 players
Game mode
Random Map
Map size
Medium (4 player)
Population
200
Speed
Normal
Resources
Standard
Victory
Conquest
Starting age
Dark Age
Ending age
Imperial Age
RankedLock teamsTeams togetherTeam positionsShared explorationLock speedFull tech treeHidden civsTurbo modeCheats
Victory
Defeat
🇺🇸 Magyars · United States
933
+16
🇺🇸 Vikings · United States
908
+17
🇧🇷 Portuguese · Brazil
938
-17
🇧🇷 Wei · Brazil
920
-16
charliegieser
7:24 Loom
10:42 Feudal Age
11:24 Double-Bit Axe
15:24 Fletching
18:11 Horse Collar
22:14 Castle Age
21:24 Scale Mail Armor
21:35 Forging
21:56 Man-at-Arms
22:32 Stone Mining
22:33 Gold Mining
23:22 Bow Saw
23:16 Long Swordsman
23:41 Gambesons
23:57 Squires
24:01 Heavy Plow
24:24 Crossbowman
30:09 Padded Archer Armor
30:04 Bodkin Arrow
30:25 Chain Mail Armor
30:53 Gold Shaft Mining
36:16 Imperial Age
33:32 Town Watch
34:54 Chieftains
35:00 Chieftains
wgieser
7:30 Loom
10:15 Feudal Age
20:28 Castle Age
24:54 Double-Bit Axe
33:37 Imperial Age
32:26 Horse Collar
35:36 Stone Mining
Backpack
12:10 Feudal Age
11:13 Loom
18:06 Castle Age
17:29 Double-Bit Axe
17:28 Horse Collar
30:05 Pikeman
32:08 Wheelbarrow
Rafins
11:06 Feudal Age
12:09 Double-Bit Axe
17:35 Castle Age
16:58 Gold Mining
16:56 Horse Collar
20:46 Loom
21:46 Loom
26:41 Town Watch
26:32 Elite Skirmisher
Connection lost

Rejoining the realm…

Still unreachable

The connection could not be restored.

Session expired

The server has moved on; the page needs a fresh start.